 Dungeon Crawl Stone Soup version 0.27-a0-1591-gc56fcc985a (webtiles) character file.

Game seed: 16496822903876605363

85 DocSulfur the Ruffian (level 4, -8/35 HPs)
             Began as a Draconian Transmuter on July 19, 2021.
             Blown up by Ijyb (19 damage)
             ... with a mindburst bolt
             ... on level 3 of the Dungeon.
             The game lasted 00:04:51 (1833 turns).

DocSulfur the Ruffian (Draconian Transmuter)        Turns: 1833, Time: 00:04:52

Health: -8/35      AC:  5    Str: 13    XL:     4   Next: 25%
Magic:  0/7        EV: 12    Int: 14    God:
Gold:   72         SH:  0    Dex: 11    Spells: 4/7 levels left

rFire    . . .     SeeInvis .     - Unarmed
rCold    . . .     Faith    .   (no shield)
rNeg     . . .     Spirit   +   (armour unavailable)
rPois    .         Reflect  .   (helmet currently unavailable)
rElec    .         Harm     .   (no cloak)
rCorr    .         Rampage  .   (no gloves)
Will     .....                  (boots currently unavailable)
Stlth    +.........             c - amulet of guardian spirit
HPRegen  0.11/turn              (no ring)
MPRegen  0.10/turn              (no ring)

@: appendages (expiring)
A: horns 2, talons 2, AC +5, unfitting armour, cold-blooded
a: End Transformation


You were on level 3 of the Dungeon.
You had temporarily grown beastly horns and talons.
You visited 1 branch of the dungeon, and saw 3 of its levels.

You collected 72 gold pieces.

Inventory:

Missiles
 a - 47 stones
Jewellery
 c - an amulet of guardian spirit (around neck)
 l - an amulet of faith
Scrolls
 e - a scroll of enchant weapon {unknown}
 f - 5 scrolls of identify {unknown}
 g - 2 scrolls of magic mapping {unknown}
 i - a scroll of immolation {unknown}
 j - a scroll of summoning {unknown}
 k - a scroll of noise {unknown}
 m - a scroll of teleportation {unknown}
Potions
 b - a potion of lignification {unknown}
 d - 2 potions of heal wounds {unknown}
 h - a potion of brilliance {unknown}


   Skills:
 - Level 1.1 Fighting
 - Level 1.7 Dodging
 * Level 4.2 Unarmed Combat
 - Level 2.0 Spellcasting
 * Level 3.5 Transmutations


You had 4 spell levels left.
You knew the following spells:

 Your Spells              Type           Power      Damage    Failure   Level
a - Beastly Appendage     Tmut           22%        N/A       5%          1
b - Wereblood             Tmut           11%        N/A       9%          2

Your spell library contained the following spells:

 Spells                   Type           Power      Damage    Failure   Level
 Freeze                   Ice            4%         1d3       24%         1
 Spider Form              Tmut/Pois      3%         N/A       34%         3
 Ignite Poison            Fire/Tmut/Pois 4%         N/A       41%         3
 Conjure Flame            Conj/Fire      1%         6-21      56%         3
 Frozen Ramparts          Ice            2%         1d2       56%         3
 Ice Form                 Ice/Tmut       6%         N/A       75%         4
 Hailstorm                Conj/Ice       1%         3d3       93%         4
 Sticky Flame             Conj/Fire      1%         2d3       93%         4


Dungeon Overview and Level Annotations

Branches:
Dungeon (3/15)

Altars:
Wu Jian

Annotations:
D:3 Ijyb


Innate Abilities, Weirdness & Mutations

You have temporarily grown beastly horns and talons.
Your plain brown scales are hard. (AC +5)
You cannot fit into any form of body armour.
You are cold-blooded and may be slowed by cold attacks.


Message History

a +0 club; a +0 robe; the human corpse of Jessica Your horns disappear.
Your talons disappear.
Found 4 gold pieces.
Found a scroll labelled KUJENI FARCHECS.
You now have 72 gold pieces (gained 4).
m - a scroll labelled KUJENI FARCHECS You hear the rusting of a very distant drain.
Found a robe.
Ijyb the Twisted Goblin comes into view.
She is wielding a +0 dagger and carrying a wand of mindburst (21).
Ijyb is nearby!
Casting: Beastly Appendage (safe; 5% risk of failure)
Confirm with . or Enter, or press ? or * to list all spells.
You grow a pair of large bovine horns.
Your feet morph into talons.
Ijyb hits you with a +0 dagger.
You barely miss Ijyb. Ijyb misses you.
You closely miss Ijyb. You tail-slap Ijyb, but do no damage.
Ijyb hits you with a +0 dagger.
You hit Ijyb. Your kick misses Ijyb.
Your tail-slap misses Ijyb.
Ijyb is lightly wounded.
Ijyb closely misses you.
You hit Ijyb but do no damage.
Ijyb is lightly wounded.
Ijyb hits you with a +0 dagger.
You closely miss Ijyb. You claw Ijyb, but do no damage.
Ijyb is lightly wounded.
Ijyb hits you but does no damage.
You closely miss Ijyb. Your kick misses Ijyb. You headbutt Ijyb.
Ijyb is moderately wounded.
Ijyb barely misses you.
You closely miss Ijyb. Your kick misses Ijyb.
You tail-slap Ijyb, but do no damage.
Ijyb is moderately wounded.
Ijyb zaps a wand.
Your mind is blasted!
Ouch! That really hurt!
You hit Ijyb. You claw Ijyb, but do no damage.
Ijyb is moderately wounded.
Your transformation is almost over.
Ijyb zaps a wand.
Your mind is blasted!
Ouch! That really hurt!
You die...

## #### #.. .[#
#.######g#
#.#...##@#######
#.#.............
#.#...##........
#..#.########.##
##....# #
#.....# ##....##
##.#..#######.
#.##.........


You could see Ijyb.

Vanquished Creatures
  Jessica (D:3)
  An adder (D:2)
  2 worms
  A dart slug (D:2)
  7 bats
  3 endoplasms
  3 giant cockroaches
  2 goblins (D:2)
  6 hobgoblins
  2 quokkas (D:2)
  3 ball pythons
  2 frilled lizards (D:2)
  5 kobolds
  6 rats
44 creatures vanquished.

Notes
Turn   | Place    | Note
-------+----------+-------------------------------------------
     0 | D:1      | DocSulfur the Draconian Transmuter began the quest for the
                  | Orb.
     0 | D:1      | Reached XP level 1. HP: 16/16 MP: 3/3
   287 | D:1      | Reached XP level 2. HP: 17/23 MP: 5/5
   853 | D:2      | Found an ornate altar of the Wu Jian Council.
   912 | D:2      | Learned a level 2 spell: Wereblood
   946 | D:2      | Reached XP level 3. HP: 24/28 MP: 0/6
  1674 | D:3      | Noticed Jessica
  1687 | D:3      | Killed Jessica
  1688 | D:3      | Reached skill level 4 in Unarmed Combat
  1688 | D:3      | Reached XP level 4. HP: 28/35 MP: 3/7
  1823 | D:3      | Noticed Ijyb
  1833 | D:3      | Blown up by Ijyb

Illustrated notes

Levels and vault maps discovered:
D:1:      dpeg_arrival_lava_temple_mockup, layout_basic,
          minmay_misc_feat_encased, serial_bayou_lagoon_b
D:2:      layout_rooms, basic_altar, minmay_pentomino_s2
D:3:      layout_loops_ring, gup_sewer_entry_bubbles, uniq_jessica, uniq_ijyb

Skill      XL: |  1  2  3 |
---------------+----------+-----
Transmutations | 3 |  3.5
Unarmed Combat | 4 |  4.2
Fighting       | |  1.1
Dodging        | |  1.7
Spellcasting   | |  2.0

Action                   |  1- 3 |  4- 6 || total
-------------------------+-------+-------++-------
Melee: Unarmed           |   122 |    22 ||   144
       Kick              |    12 |     3 ||    15
       Headbutt          |     8 |     2 ||    10
       Tailslap          |     7 |     3 ||    10
       Punch             |     1 |       ||     1
 Cast: Beastly Appendage |    19 |     3 ||    22
       Wereblood         |     2 |       ||     2
Armor: Skin              |    57 |     6 ||    63
Dodge: Dodged            |    86 |    10 ||    96

Table legend: (Time is in decaauts)
 A = Elapsed time spent in this place.
 B = Non-inter-level travel time spent in this place.
 C = Inter-level travel time spent in this place.
 D = Time resting spent in this place.
 E = Time spent auto-exploring this place.
 F = Levels seen in this place.
 G = Mean time per level.
                   A        B        C        D        E       F      G
               +--------+--------+--------+--------+--------+-----+--------+
         Total |   1847 |   1789 |     58 |      0 |   1136 |   3 |  615.7 |
       Dungeon |   1847 |   1789 |     58 |      0 |   1136 |   3 |  615.7 |
               +--------+--------+--------+--------+--------+-----+--------+

Top non-repeatable levels by time:
     D:1: 836 daAuts
     D:2: 827 daAuts
     D:3: 183 daAuts
